 Dungeon Crawl Stone Soup version 0.31-a0-354-g827e0957a7 (webtiles) character file.

Game seed: 3372535122835894880

54 Locuples the Chopper (level 3, -1/34 HPs)
             Began as a Minotaur Berserker on July 24, 2023.
             Was a Believer of Trog.
             Slain by Crazy Yiuf
             ... wielding a +4 quarterstaff of chaos
              (3 damage)
             ... on level 2 of the Dungeon.
             The game lasted 00:02:08 (965 turns).

Locuples the Chopper (Minotaur Berserker)            Turns: 965, Time: 00:02:10

Health: -1/34      AC: 12    Str: 23    XL:     3   Next: 66%
Magic:  2/2        EV:  7    Int:  4    God:    Trog [**....]
Gold:   43         SH:  0    Dex:  9    Spells: 2/2 levels left

rFire   . . .        a - +0 hand axe
rCold   . . .        (no shield)
rNeg    . . .        j - +0 plate armour
rPois   .            (helmet restricted)
rElec   .            (no cloak)
rCorr   .            e - +0 pair of gloves
SInv    +            (no boots)
Will    .....        (no amulet) Stlth
                     h - ring of see invisible
HPRegen 0.25/turn    (no ring)
MPRegen 0.08/turn

%: no passive effects
@: lethally poisoned (-1 -> -8)
A: horns 2, retaliatory headbutt
a: Renounce Religion, Berserk, Trog's Hand


You were on level 2 of the Dungeon.
You worshipped Trog.
Trog was pleased with you.
You visited 1 branch of the dungeon, and saw 2 of its levels.

You collected 43 gold pieces.

Inventory:

Hand Weapons
 a - a +0 hand axe (weapon)
Armour
 e - a +0 pair of gloves (worn)
 j - a +0 plate armour (worn)
Jewellery
 h - a ring of see invisible (left hand)
Scrolls
 b - a scroll of silence {unknown}
 f - a scroll of vulnerability {unknown}
 i - a scroll of teleportation {unknown}
 m - a scroll of identify {unknown}
Potions
 c - a potion of invisibility {unknown}
 d - 2 potions of berserk rage {unknown}
 g - a potion of curing {unknown}
 k - a potion of degeneration {unknown}
 l - a potion of mutation {unknown}
 n - a potion of haste {unknown}


   Skills:
 + Level 4.5 Fighting
 + Level 4.7 Axes
 + Level 2.7 Armour
 - Level 2.1 Dodging


You had 2 spell levels left.
You didn't know any spells.
Your spell library was empty.

Dungeon Overview and Level Annotations

Branches:
Dungeon (2/15)

Altars:

Annotations:
D:2 Crazy Yiuf


Innate Abilities, Weirdness & Mutations

You have a pair of horns on your head.
You reflexively headbutt those who attack you in melee.


Message History

You hit the quokka. You headbutt the quokka.
You kill the quokka!
Trog accepts your kill.
Found a stone staircase leading down.
There is a stone staircase leading down here.
Found a whip.
Found a robe.
m - a scroll labelled ANER DUZXU KOL
Found a clear potion.
n - a clear potion
Found a runed translucent door.
Crazy Yiuf shouts!
Crazy Yiuf says, "Goober King childish!"
You open the door. You closely miss Crazy Yiuf.
Crazy Yiuf hits you but does no damage.
You are poisoned.
You hit Crazy Yiuf.
Crazy Yiuf is lightly wounded.
You feel sick.
Crazy Yiuf laughs, "Castle!
Whiteboard chair green."
Crazy Yiuf hits you with a +4 quarterstaff of chaos!
Crazy Yiuf hits you but does no damage.
You barely miss Crazy Yiuf. Your headbutt misses Crazy Yiuf.
Crazy Yiuf is lightly wounded.
You feel sick. Crazy Yiuf hits you but does no damage.
You are more poisoned.
You hit Crazy Yiuf.
Crazy Yiuf is moderately wounded.
You feel very sick.
Crazy Yiuf says, "Powder!
Rifle fast arm."
Crazy Yiuf hits you with a +4 quarterstaff of chaos.
* * * LOW HITPOINT WARNING * * *
You completely miss Crazy Yiuf.
Crazy Yiuf is moderately wounded.
* * * LOW HITPOINT WARNING * * *
You feel very sick.
Crazy Yiuf hits you with a +4 quarterstaff of chaos.
* * * LOW HITPOINT WARNING * * *
Crazy Yiuf freezes you.
You die...

####### ########
##.....#
##....#.### ###
##.......
##......#..##...#
#........
#......####@g...#
#.<......
#.....## ###..)#
#........ #.#####
### #........
#..# #........
##.# #........
#.##########
##.......
#..........##
##......
####........#
######.
#........## #.


You could see Crazy Yiuf.

Vanquished Creatures
  An adder (D:2)
  A worm (D:2)
  2 dart slugs (D:1)
  7 ball pythons
  2 endoplasms
  2 giant cockroaches
  5 goblins
  2 hobgoblins (D:1)
  2 quokkas (D:2)
  3 bats
  4 frilled lizards (D:1)
  3 kobolds (D:1)
  3 rats (D:1)
37 creatures vanquished.

Notes
Turn   | Place    | Note
-------+----------+-------------------------------------------
     0 | D:1      | Locuples the Minotaur Berserker began the quest for the
                  | Orb.
     0 | D:1      | Reached XP level 1. HP: 19/19 MP: 0/0
   210 | D:1      | Reached XP level 2. HP: 27/27 MP: 1/1
   443 | D:1      | Reached ** piety under Trog
   487 | D:1      | Reached XP level 3. HP: 33/33 MP: 2/2
   956 | D:2      | Found a runed translucent door.
   957 | D:2      | Noticed Crazy Yiuf
   965 | D:2      | Slain by Crazy Yiuf

Illustrated notes

Levels and vault maps discovered:
D:1:      zaba_arrival_water, layout_basic
D:2:      layout_rooms, skrybe_limestone_x, minmay_ruptured,
          uniq_crazy_yiuf_cottage

Skill      XL: |  1 |
---------------+----+-----
Fighting       | 4 |  4.5
Axes           | 4 |  4.7
Armour         | |  2.7
Dodging        | |  2.1

Action                     || total
---------------------------++-------
  Melee: Hand axe          ||    64
         Headbutt          ||    12
 Armour: Animal skin       ||    11
         Plate armour      ||    18
  Dodge: Dodged            ||    37

Table legend: (Time is in decaauts)
 A = Elapsed time spent in this place.
 B = Non-inter-level travel time spent in this place.
 C = Inter-level travel time spent in this place.
 D = Time resting spent in this place.
 E = Time spent auto-exploring this place.
 F = Levels seen in this place.
 G = Mean time per level.
                   A        B        C        D        E       F      G
               +--------+--------+--------+--------+--------+-----+--------+
         Total |    977 |    965 |     12 |     41 |    650 |   2 |  488.5 |
       Dungeon |    977 |    965 |     12 |     41 |    650 |   2 |  488.5 |
               +--------+--------+--------+--------+--------+-----+--------+

Top non-repeatable levels by time:
     D:1: 601 daAuts
     D:2: 376 daAuts
